 Dungeon Crawl Stone Soup version 0.17-a0-649-g87edefa (webtiles) character file.

2667 Pnognoglozu the Corrupter of Planes (level 9, -12/63 HPs)
             Began as a Demonspawn Abyssal Knight on Apr 17, 2015.
             Was the Champion of Lugonu.
             Killed by the air
             ... invoked by Gastronok
              (24 damage)
             ... on level 8 of the Dungeon.
             The game lasted 00:55:08 (10833 turns).

Pnognoglozu the Corrupter of Planes (DsAK)         Turns: 10833, Time: 00:55:08

Health: -12/63     AC:  5    Str: 11    XL:     9   Next: 37%
Magic:  0/14       EV: 15    Int: 16    God:    Lugonu [******]
Gold:   250        SH:  3    Dex: 17    Spells: 0 memorised, 8 levels left

rFire  . . .     SeeInvis .     a - +1 falchion
rCold  + . .     Rnd*Rage +     b - +0 leather armour
rNeg   . . .     SustAb   .     (no shield)
rPois  .         Gourm    .     (helmet restricted)
rElec  .         Spirit   +     (no cloak)
rCorr  .         Warding  .     (no gloves)
rMut   .         Stasis   .     (no boots)
MR     .....                    h - amulet of faith
Stlth  ++........               x - -2 ring of strength (curse)
                                i - ring of protection from cold

@: slowed, very slow, not resistant to hostile enchantments, unstealthy
A: antennae 1, claws 2, hooves 1, large bone plates 2, camouflage 1, agile 1,
berserk 1, blink 1, clever 1, deformed body, deterioration 1, frail 1, slow
healing 1, evolution 1, magic shield, magic regeneration
a: Blink, Depart the Abyss, Bend Space, Banish, Corrupt, Enter the Abyss,
Renounce Religion


You were on level 8 of the Dungeon.
You worshipped Lugonu.
Lugonu was exalted by your worship.
You were hungry.

You visited 2 branches of the dungeon, and saw 9 of its levels.
You visited the Abyss 1 time.
You also visited: Sewer and Ossuary.

You collected 250 gold pieces.

Inventory:

Hand weapons
 a - a +1 falchion (weapon)
 d - a cursed +1 dagger of venom
 D - a +0 hunting sling
 K - a +2 arbalest of flaming
 M - a cursed +0 dagger
Missiles
 j - a throwing net
 E - 121 stones (quivered)
 I - 4 tomahawks
Armour
 b - a +0 leather armour (worn)
 y - a +0 pair of boots
 F - a cursed +0 chain mail
Jewellery
 h - an amulet of faith (around neck)
 i - a ring of protection from cold (left claw)
 p - an uncursed amulet of guardian spirit
 x - a cursed -2 ring of strength (right claw)
Magical devices
 A - a wand of magic darts (37)
 B - a wand of magic darts (15)
 L - a wand of draining (3)
Scrolls
 g - 4 scrolls of remove curse {unknown}
 k - 5 scrolls of magic mapping {unknown}
 l - 4 scrolls of enchant weapon
 m - 2 scrolls of recharging
 q - 3 scrolls of teleportation {unknown}
 r - 3 scrolls of blinking
 u - a scroll of noise {unknown}
 G - 2 scrolls of fog
 O - a scroll of immolation {unknown}
 Q - a scroll of random uselessness {unknown}
 R - a scroll of enchant armour {unknown}
 U - a scroll of summoning {unknown}
Potions
 e - 2 potions of restore abilities
 f - 3 potions of agility
 n - 3 potions of haste
 o - 2 potions of flight
 t - 6 potions of curing
 v - a potion of cure mutation {unknown}
 z - a potion of cancellation {unknown}
 C - a potion of brilliance {unknown}
 H - a potion of poison {unknown}
 J - 2 potions of heal wounds
 P - a potion of lignification {unknown}
Books
 N - a Necronomicon {highlevel, unknown}

   This book is beyond your current level of understanding.

   Spells                             Type                      Level
   a - Haunt                          Necromancy/Summoning         7
   b - Borgnjor's Revivification      Necromancy                   8
   c - Death's Door                   Charms/Necromancy            8
   d - Necromutation                  Transmutation/Necromancy     8
Comestibles
 c - 7 bread rations
 s - 2 slices of pizza
 w - a royal jelly
 S - 3 chunks of flesh
 T - 7 beef jerkies


   Skills:
 + Level 6.4 Fighting
 + Level 5.3 Long Blades
 + Level 5.5 Armour
 + Level 5.3 Dodging
 + Level 7.9 Invocations


You had 8 spell levels left.
You didn't know any spells.

Dungeon Overview and Level Annotations

Branches:
Dungeon (8/15)             Temple (1/1) D:4
   Lair: D:8-11

Altars:
Ashenzari
Dithmenos
Kikubaaqudgha
Makhleb
Qazlal
Ru
Sif Muna
Yredelemnul
Zin
The Shining One

Annotations:
D:8 Gastronok
Abyss:1 Sigmund


Innate Abilities, Weirdness & Mutations

You have large cloven feet.
You are mostly covered in large bone plates (AC +3, SH +3).
When hurt, damage is shared between your health and your magic reserves.
You regenerate magic rapidly.
You have a pair of small antennae on your head.
You have very sharp fingernails.
Your skin changes colour to match your surroundings (Stealth).
You are agile. (Dex +2)
You tend to lose your temper in combat.
You can translocate small distances at will.
Your mind is acute. (Int +2)
Armour fits poorly on your strangely shaped body.
Your body is slowly deteriorating.
You are frail (-10% HP).
You heal slowly when monsters are visible.
You evolve.


Message History

Gastronok mumbles some strange words.
Use which ability? (? or * to list)
Okay, then.
Use which ability? (? or * to list)
You don't have enough magic at the moment.
Use which ability? (? or * to list)
You blink.
You feel slightly more hungry. The quokka bites you.
* * * LOW HITPOINT WARNING * * *
The quokka completely misses you. Gastronok looks at you while chanting.
You barely resist. The quokka closely misses you. x2
The quokka barely misses you. The quokka closely misses you.
The quokka closely misses you. The quokka barely misses you.
You block the quokka's attack.
Gastronok waves his eye-stalks in wide circles.
The air twists around and strikes you!
You die...

###.....####.######
#.............#
#.#...........#
#.####.##.....#
####<# #.##.....#
#...## #.##.....#
#.#.#####.##.....#
#.#.#.....##)....#
#######.#.#@#
########)#
#÷..##..#.#r# .
#÷§)#####)#.# #...#
#.#w# #.### #.#.#
##.# #.#.# #.##
#.#.# ##.#####.#.#
#..........#


You could see Gastronok and a quokka.

Vanquished Creatures
  A kobold demonologist (Sewer)
  Grinder (Sewer)
  Eustachio (D:4)
  2 sky beasts
  2 ogres
  A black bear (D:8)
  A centaur (D:7)
  2 giant frogs
  A big kobold (Sewer)
  A scorpion (D:4)
  2 vampire bats (D:6)
  A crimson imp (D:5)
  A centaur zombie (D:6)
  2 centaur skeletons
  A hound (D:8)
  2 orc priests
  5 orc wizards
  3 worker ants
  11 big kobold zombies
  A hound zombie (D:5)
  2 mummies
  11 adders
  5 shadow imps
  3 ufetubi (Sewer)
  An ooze (Sewer)
  An adder zombie (Sewer)
  4 worms
  7 giant geckos
  17 orcs
  A spectral bat (Ossuary)
  15 bats
  5 bat simulacra (Ossuary)
  4 bat skeletons
  4 bat zombies
  9 giant cockroaches
  3 gnoll zombies (Ossuary)
  14 goblins
  14 hobgoblins
  14 jackals
  31 kobolds
  3 quokkas
  A ball python (D:1)
  A giant cockroach zombie (Sewer)
  12 giant newts
  3 goblin simulacra (Ossuary)
  9 goblin zombies (Ossuary)
  3 hobgoblin zombies (Ossuary)
  3 kobold simulacra (Ossuary)
  A kobold skeleton (Sewer)
  A kobold zombie (D:4)
  7 orc zombies
  A quokka skeleton (D:6)
  11 rats
  2 rat simulacra (Ossuary)
  5 spectral goblins (Ossuary)
  4 spectral kobolds (Ossuary)
  6 spectral rats (Ossuary)
  2 ballistomycetes (D:6)
282 creatures vanquished.

Vanquished Creatures (others)
  A troll (D:6)
  An orc warrior (D:7)
  A gnoll (D:1)
  A giant spore (D:6)
  A kobold (D:6)
  A kobold skeleton (Sewer)
6 creatures vanquished.

Grand Total: 288 creatures vanquished

Notes
Turn   | Place    | Note
--------------------------------------------------------------
     0 | Abyss:1  | Pnognoglozu, the Demonspawn Abyssal Knight, began the quest for the Orb.
     0 | Abyss:1  | Reached XP level 1. HP: 18/18 MP: 2/2
     4 | Abyss:1  | Found a corrupted altar of Lugonu.
    63 | Abyss:1  | Noticed a bone dragon
    81 | Abyss:1  | Noticed an orange demon
   104 | Abyss:1  | Noticed a wretched star
   207 | Abyss:1  | Found a corrupted altar of Lugonu.
   214 | Abyss:1  | Found a corrupted altar of Lugonu.
   273 | Abyss:1  | Found a stormy altar of Qazlal.
   275 | Abyss:1  | Noticed a starcursed mass
   284 | D:1      | Escaped the Abyss
   566 | D:1      | Reached skill level 1 in Dodging
   655 | D:1      | Acquired Lugonu's first power
   655 | D:1      | Gained mutation: You are partially covered in large bone plates (AC +2, SH +2). [demonic ancestry]
   655 | D:1      | Reached XP level 2. HP: 24/24 MP: 4/4
   926 | D:1      | Gained mutation: When hurt, damage is shared between your health and your magic reserves. [demonic ancestry]
   926 | D:1      | Reached XP level 3. HP: 25/29 MP: 5/5
  1167 | D:2      | Acquired Lugonu's second power
  1677 | D:2      | Found a shadowy altar of Dithmenos.
  1781 | D:2      | Reached XP level 4. HP: 24/36 MP: 3/6
  2417 | D:2      | Found a burning altar of Makhleb.
  2432 | D:2      | Found a stormy altar of Qazlal.
  2729 | D:3      | Found a glowing drain.
  2736 | D:3      | Acquired Lugonu's third power
  2786 | Sewer    | Entered a sewer
  2925 | Sewer    | Gained mutation: You regenerate magic rapidly. [demonic ancestry]
  2925 | Sewer    | Reached XP level 5. HP: 28/42 MP: 7/7
  3026 | Sewer    | Found a burning altar of Makhleb.
  3055 | Sewer    | Acquired Lugonu's fourth power
  3074 | Sewer    | Noticed a big kobold
  3114 | Sewer    | Killed a big kobold
  3114 | Sewer    | Reached skill level 4 in Fighting
  3366 | Sewer    | Noticed Grinder
  3378 | Sewer    | Paralysed by Grinder for 5 turns
  3396 | Sewer    | HP: 1/42 [Grinder (5)]
  3398 | Sewer    | Killed Grinder
  3398 | Sewer    | Gained mutation: You are mostly covered in large bone plates (AC +3, SH +3). [demonic ancestry]
  3398 | Sewer    | Reached XP level 6. HP: 1/49 MP: 1/9
  3721 | Sewer    | Noticed an apprentice kobold demonologist
  3837 | Sewer    | Killed an apprentice kobold demonologist
  3837 | Sewer    | Reached skill level 5 in Invocations
  3837 | Sewer    | Gained mutation: You have large cloven feet. [demonic ancestry]
  3837 | Sewer    | Reached XP level 7. HP: 34/55 MP: 6/10
  4180 | D:3      | Found a shattered altar of Ashenzari.
  4286 | D:3      | Acquired Lugonu's fifth power
  4851 | D:4      | Found a sand-covered staircase.
  4860 | Ossuary  | Entered an ossuary
  4952 | Ossuary  | Reached skill level 5 in Fighting
  5443 | Ossuary  | Reached XP level 8. HP: 57/62 MP: 12/12
  5459 | Ossuary  | Reached skill level 6 in Invocations
  6244 | D:4      | Found a staircase to the Ecumenical Temple.
  6263 | D:4      | Noticed Eustachio
  6286 | D:4      | Killed Eustachio
  6741 | Temple   | Entered the Ecumenical Temple
  6770 | D:5      | Entered Level 5 of the Dungeon
  7457 | D:5      | Found a deep blue altar of Sif Muna.
  7735 | D:6      | Noticed Sigmund
  7875 | D:6      | Found a glowing golden altar of the Shining One.
  7947 | D:6      | Reached skill level 7 in Invocations
  8075 | D:6      | Gained mutation: You tend to lose your temper in combat. [mutagenic meat]
  8076 | D:6      | Gained mutation: You evolve. [mutagenic meat]
  8077 | D:6      | Gained mutation: You heal slowly when monsters are visible. [mutagenic meat]
  8078 | D:6      | Gained mutation: Your mind is acute. (Int +2) [mutagenic meat]
  8079 | D:6      | Gained mutation: You possess an exceptional clarity of mind. [mutagenic meat]
  8080 | D:6      | Gained mutation: You have sharp fingernails. [mutagenic meat]
  8081 | D:6      | Gained mutation: Your skin changes colour to match your surroundings (Stealth). [potion of mutation]
  8081 | D:6      | Gained mutation: Armour fits poorly on your strangely shaped body. [potion of mutation]
  8082 | D:6      | Gained mutation: You are frail (-10% HP). [potion of mutation]
  8082 | D:6      | Lost mutation: Armour fits poorly on your strangely shaped body. [potion of mutation]
  8082 | D:6      | Gained mutation: You have very sharp fingernails. [potion of mutation]
  8083 | D:6      | Gained mutation: You are agile. (Dex +2) [potion of mutation]
  8084 | D:6      | Gained mutation: You can translocate small distances at will. [potion of mutation]
  8084 | D:6      | Lost mutation: You possess an exceptional clarity of mind. [potion of mutation]
  8085 | D:6      | Gained mutation: You have a pair of small antennae on your head. [potion of mutation]
  8085 | D:6      | Lost mutation: You are frail (-10% HP). [potion of mutation]
  8203 | D:6      | Noticed a troll
  8479 | D:6      | Banished Sigmund
  8590 | D:6      | Found an ancient bone altar of Kikubaaqudgha.
  8855 | D:6      | Banished a troll
  8855 | D:6      | Reached skill level 5 in Armour
  9067 | D:6      | Reached XP level 9. HP: 49/69 MP: 14/14
  9414 | D:7      | Reached skill level 5 in Long Blades
  9414 | D:7      | Reached skill level 5 in Dodging
  9433 | D:7      | Gained mutation: You are frail (-10% HP). [mutagenic meat]
  9435 | D:7      | Gained mutation: Your body is slowly deteriorating. [mutagenic meat]
  9436 | D:7      | Gained mutation: Armour fits poorly on your strangely shaped body. [mutagenic meat]
 10791 | D:8      | Noticed Gastronok
 10833 | D:8      | Killed from afar by Gastronok

Action                   |  1- 3 |  4- 6 |  7- 9 || total
-------------------------+-------+-------+-------++-------
Melee: Falchion          |   150 |   272 |   915 ||  1337
       Dagger            |    17 |       |       ||    17
Throw: Stone             |       |     2 |    14 ||    16
Invok: Depart the Abyss  |     1 |       |       ||     1
       Banish            |       |       |     4 ||     4
 Abil: Blink             |       |       |     1 ||     1
  Use: Scroll            |       |       |    12 ||    12
       Potion            |       |       |     5 ||     5
 Stab: Sleeping          |       |       |     6 ||     6
  Eat: Chunk             |     3 |     4 |    23 ||    30
       Meat ration       |       |     1 |     1 ||     2
       Beef jerky        |       |     1 |       ||     1
       Bread ration      |       |       |     1 ||     1
       Fruit             |       |       |     1 ||     1
